 Dungeon Crawl Stone Soup version 0.20.1-1-g8b1a95d (console) character file.

100 archlich the Insei (level 4, -6/35 HPs)
             Began as a Demonspawn Abyssal Knight on Aug 29, 2017.
             Was a Follower of Lugonu.
             Mangled by a gnoll
             ... wielding a +0 halberd
              (9 damage)
             ... on level 3 of the Dungeon.
             The game lasted 00:04:55 (1601 turns).

archlich the Insei (Demonspawn Abyssal Knight)      Turns: 1601, Time: 00:04:55

Health: -6/35      AC: 11    Str: 12    XL:     4   Next: 46%
Magic:  5/5        EV: 11    Int: 12    God:    Lugonu [*.....]
Gold:   84         SH:  0    Dex: 13    Spells: 3/3 levels left

rFire    . . .     SeeInvis .   d - +1 dagger (protect)
rCold    . . .     Gourm    .   (no shield)
rNeg     . . .     Faith    .   a - +0 leather armour
rPois    .         Spirit   .   (helmet restricted)
rElec    .         Reflect  .   (no cloak)
rCorr    .         Harm     .   k - +0 pair of gloves
MR       .....                  (no boots)
Stlth    +.........             (no amulet)
Regen    0.2/turn               (no ring)
MPRegen  0.1/turn               (no ring)

@: protection aura, flying
A: antennae 1, hooves 2, dopey 1
a: Depart the Abyss, Renounce Religion


You were on level 3 of the Dungeon.
You worshipped Lugonu.
Lugonu was aware of your devotion.
You were not hungry.

You visited 1 branch of the dungeon, and saw 3 of its levels.
You visited the Abyss 1 time.

You collected 84 gold pieces.

Inventory:

Hand Weapons
 d - a +1 dagger of protection (weapon)
Armour
 a - a +0 leather armour (worn)
 e - a +0 buckler
 k - a +0 pair of gloves (worn)
Scrolls
 c - a scroll of enchant weapon {unknown}
 f - a scroll of magic mapping {unknown}
 g - a scroll of enchant armour {unknown}
 m - 2 scrolls of remove curse {unknown}
 n - a scroll of fog {unknown}
Potions
 h - a potion of curing
Comestibles
 b - 2 bread rations
 l - a royal jelly


   Skills:
 - Level 3.0 Fighting
 - Level 1.7 Armour
 - Level 0.8 Dodging
 + Level 4.3 Unarmed Combat
 - Level 2.4 Invocations


You had 3 spell levels left.
You didn't know any spells.

Dungeon Overview and Level Annotations

Branches:
Dungeon (3/15)

Altars:


Innate Abilities, Weirdness & Mutations

You have hoof-like feet.
You have a pair of small antennae on your head.
You are dopey. (Int -2)


Message History

It was a potion of flight.
You feel very buoyant.
You fly up into the air.
It was a potion of mutation.
You feel extremely strange.
You feel stupid. x2; You feel clever. A pair of antennae grows on your head!
The gnoll hits you but does no damage. The gnoll closely misses you.
The gnoll hits you from afar with a spear.
* * * LOW HITPOINT WARNING * * *
You barely miss the gnoll. You kick the gnoll.
The gnoll is lightly wounded.
The gnoll hits you from afar with a spear.
* * * LOW HITPOINT WARNING * * *
The gnoll hits you with a halberd.
* * * LOW HITPOINT WARNING * * *
You hit the gnoll.
Your weapon exudes an aura of protection.
The gnoll is lightly wounded.
The gnoll closely misses you. The gnoll hits you with a halberd!
You die...

#..)....#.#
#.#.....#.#
..#######.#
.###......#
..##.###### ...#.#
.#.#.######
.###......#########
.# ######.......@.#
.# #....#######g#
.# #.#### #g# .#
#.# #g# #.# #g# #.#
#.# #.# #.# #.# #.#
## #.# #†#


You could see 4 gnolls.

Vanquished Creatures
  A gnoll (D:1)
  4 adders
  2 oozes
  A worm (D:3)
  2 dart slugs
  2 leopard geckos
  An orc (D:3)
  A giant cockroach (D:3)
  4 goblins
  5 hobgoblins
  4 jackals (D:1)
  A quokka (D:2)
  4 bats
  A frilled lizard (D:2)
  4 kobolds
  3 rats
40 creatures vanquished.

Vanquished Creatures (others)
  4 starspawn tentacles (Abyss:1)
4 creatures vanquished.

Grand Total: 44 creatures vanquished

Notes
Turn   | Place    | Note
-------+----------+-------------------------------------------
     0 | Abyss:1  | archlich the Demonspawn Abyssal Knight began the quest for the Orb.
     0 | Abyss:1  | Reached XP level 1. HP: 18/18 MP: 2/2
    61 | Abyss:1  | Noticed a small abomination
    81 | Abyss:1  | Noticed a tentacled starspawn
    98 | Abyss:1  | Noticed a ynoxinul
   102 | D:1      | Escaped the Abyss
   189 | D:1      | Reached skill level 2 in Unarmed Combat
   441 | D:1      | Gained mutation: You have large cloven feet. [demonic ancestry]
   441 | D:1      | Reached XP level 2. HP: 23/24 MP: 3/3
   474 | D:1      | Reached * piety under Lugonu
   728 | D:1      | Reached skill level 3 in Unarmed Combat
   776 | D:2      | Gained mutation: You have hoof-like feet. [demonic ancestry]
   776 | D:2      | Reached XP level 3. HP: 21/29 MP: 4/4
  1181 | D:2      | Reached XP level 4. HP: 25/35 MP: 5/5
  1282 | D:3      | Reached skill level 4 in Unarmed Combat
  1598 | D:3      | Gained mutation: You are dopey. (Int -2) [potion of mutation]
  1598 | D:3      | Gained mutation: You are very dopey. (Int -4) [potion of mutation]
  1598 | D:3      | Lost mutation: You are very dopey. (Int -4) [potion of mutation]
  1598 | D:3      | Gained mutation: You have a pair of small antennae on your head. [potion of mutation]
  1601 | D:3      | Mangled by a gnoll

Skill      XL: |  1  2  3  4 |
---------------+-------------+-----
Unarmed Combat | 2 3 4 |  4.3
Fighting       | |  3.0
Armour         | |  1.7
Dodging        | |  0.8
Invocations    | |  2.4

Action                   |  1- 3 |  4- 6 || total
-------------------------+-------+-------++-------
Melee: Dagger            |   113 |    60 ||   173
       Punch             |     2 |     1 ||     3
       Kick              |    21 |    13 ||    34
Invok: Depart the Abyss  |     1 |       ||     1
  Use: Potion            |       |     3 ||     3
  Eat: Chunk             |     1 |     1 ||     2
Armor: Leather armour    |    35 |    29 ||    64
Dodge: Dodged            |    67 |    38 ||   105
